 Dungeon Crawl Stone Soup version 0.29-a0-275-g389c0b56f3 (webtiles) character file.

Game seed: 16610696428132123521

212 Murumi the Skirmisher (level 5, -6/85 HPs)
             Began as an Ogre Gladiator on Mar 12, 2022.
             Was a Believer of Lugonu.
             Mangled by Menkaure (7 damage)
             ... on level 4 of the Dungeon.
             The game lasted 00:10:57 (3376 turns).

Murumi the Skirmisher (Ogre Gladiator)              Turns: 3376, Time: 00:10:58

Health: -6/85      AC: 22    Str: 15 (18) XL:     5   Next: 89%
Magic:  6/6        EV:  1    Int: 10 (11) God:    Lugonu [**....]
Gold:   140        SH:  0    Dex: 14 (16) Spells: 4/4 levels left

rFire   . . .      SeeInvis .   h - +0 whip
rCold   . . .      Faith    .   (no shield)
rNeg    . . .      Spirit   .   (body armour currently unavailable)
rPois   +          Reflect  .   (helmet currently unavailable)
rElec   .          Harm     .   (cloak currently unavailable)
rCorr   .          Rampage  .   (gloves unavailable)
Will    .....      NoTele   +   (boots unavailable)
Stlth   ++........              (no amulet)
HPRegen 0.24/turn               e - +6 ring of dexterity
MPRegen 0.10/turn               (no ring)

@: tree-form, hasted, very quick
A: stationary, stasis, torment immunity, boosted hp, large, unfitting armour,
(tough skin 1)
a: Renounce Religion, Depart the Abyss, Bend Space


You were on level 4 of the Dungeon.
You worshipped Lugonu.
Lugonu was pleased with you.
You were a tree.
You visited 1 branch of the dungeon, and saw 4 of its levels.

You collected 140 gold pieces.

Inventory:

Hand Weapons
 a - a +0 flail
 h - a +0 whip (weapon)
Missiles
 d - 2 throwing nets (quivered)
 i - 153 stones
 k - a large rock
 l - 2 boomerangs of dispersal
 n - 11 poisoned darts
 s - 4 javelins
Armour
 c - a +0 hat (melded)
 f - a scarf of shadows (melded)
 t - a +2 robe of positive energy (melded)
Jewellery
 e - a +6 ring of dexterity (left branch)
 r - a ring of protection from fire
Scrolls
 m - 2 scrolls of fear
Potions
 g - 3 potions of attraction
 q - a potion of brilliance {unknown}


   Skills:
 + Level 5.4 Fighting
 - Level 3.0 Maces & Flails
 - Level 3.0 Throwing
 - Level 1.0 Armour
 - Level 3.0 Dodging
 - Level 1.0 Stealth
 - Level 2.0 Invocations


You had 4 spell levels left.
You didn't know any spells.
Your spell library contained the following spells:

 Spells                   Type           Power      Damage    Failure   Level
 Animate Skeleton         Necr           0%         N/A       36%         1
 Apportation              Tloc           0%         N/A       36%         1
 Summon Small Mammal      Summ           0%         N/A       36%         1


Dungeon Overview and Level Annotations

Branches:
Dungeon (4/15)
 Temple: D:4-7

Altars:
Lugonu

Annotations:
D:4 Menkaure


Innate Abilities, Weirdness & Mutations

You are a tree.
Your roots penetrate the ground, keeping you stationary.
You cannot be teleported.
You are immune to unholy pain and torment.
Your maximum health is greatly increased.
Your equipment is partially melded.
You are too large for most types of armour.
((You have tough skin. (AC +1)))


Message History

You hit Menkaure but do no damage.
Menkaure is lightly damaged.
Menkaure points at you and mumbles some strange words.
Pain shoots through your body!
You hit Menkaure.
Menkaure is moderately damaged.
Menkaure closely misses you.
You hit Menkaure but do no damage.
Menkaure is moderately damaged.
Menkaure hits you!!
* * * LOW HITPOINT WARNING * * *
You completely miss Menkaure.
Menkaure is moderately damaged.
Menkaure hits you but does no damage.
You hit Menkaure.
Menkaure is heavily damaged.
Menkaure hits you!
* * * LOW HITPOINT WARNING * * *
It was a potion of haste.
You feel yourself speed up. Menkaure barely misses you.
It was a potion of lignification.
You turn into a tree.
Your scarf of shadows melds into your body.
Your +0 hat melds into your body.
Your +2 robe of positive energy melds into your body.
The dungeon's light returns to normal.
You feel less protected from negative energy.
Your roots penetrate the ground.
Menkaure hits you but does no damage.
You hit Menkaure.
Menkaure is heavily damaged.
Menkaure hits you.
* * * LOW HITPOINT WARNING * * *
You hit Menkaure.
Menkaure is heavily damaged.
Menkaure hits you.
* * * LOW HITPOINT WARNING * * *
It was a potion of degeneration.
There was something very wrong with that liquid.
You feel weakened.
You feel dopey.
You feel clumsy. Menkaure hits you!
You die...

#.# #.# #.# #.#
#.# #.#
########## #M#
#........## #♣#
#.#.......# #.#
#.#.......# #.#
#.#.......#
###.###.#.......#
#.......#.......#
#########.......#
#.......#
#.......#
#.......#


You could see Menkaure (fast).

Vanquished Creatures
  Terence (D:2)
  An iguana (D:4)
  4 orc wizards (D:4)
  8 orcs
  4 bats
  3 endoplasms
  5 giant cockroaches
  6 goblins
  9 hobgoblins
  2 quokkas
  6 ball pythons
  A frilled lizard (D:3)
  7 kobolds
  4 rats
61 creatures vanquished.

Notes
Turn   | Place    | Note
-------+----------+-------------------------------------------
     0 | D:1      | Murumi the Ogre Gladiator began the quest for the Orb.
     0 | D:1      | Reached XP level 1. HP: 22/22 MP: 1/1
    55 | D:1      | Reached skill level 3 in Fighting
   119 | D:1      | Reached XP level 2. HP: 31/31 MP: 2/2
   853 | D:1      | Found a faded altar of an unknown god.
   857 | D:1      | Prayed at the altar of an unknown god.
   857 | D:1      | Became a worshipper of Lugonu the Unformed
   857 | D:1      | Reached * piety under Lugonu
   857 | D:1      | Reached ** piety under Lugonu
   995 | D:2      | Noticed Terence
  1005 | D:1      | Reached XP level 3. HP: 30/39 MP: 3/3
  1165 | D:2      | Reached skill level 4 in Fighting
  1289 | D:2      | Reached skill level 1 in Invocations
  1301 | D:2      | Killed Terence
  1302 | D:2      | Reached skill level 1 in Armour
  1302 | D:2      | Reached XP level 4. HP: 36/48 MP: 4/4
  1673 | D:2      | Reached skill level 1 in Stealth
  2782 | D:4      | Reached skill level 5 in Fighting
  2782 | D:4      | Reached XP level 5. HP: 34/57 MP: 5/5
  3356 | D:4      | Noticed Menkaure
  3374 | D:4      | HP: 4/85 [Menkaure (2)]
  3375 | D:4      | HP: 1/85 [Menkaure (4)]
  3376 | D:4      | Mangled by Menkaure

Illustrated notes

Levels and vault maps discovered:
D:1:      elethiomel_arrival_infinity_welcomes_careful_drivers,
          layout_loops_ring, hellmonk_ecumenical_altar_leap_of_faith,
          chequers_serial_rivers_room_a
D:2:      layout_rooms, st_stairs_7, dk_noncrumbling_2,
          minmay_misc_feat_more_columns, uniq_terence
D:3:      layout_rooms, minivault_26, minivault_24
D:4:      minmay_evil_eye, layout_basic, uniq_menkaure, uniq_robin

Skill      XL: |  1  2  3  4  5 |
---------------+----------------+-----
Fighting       | 3 4 5 |  5.4
Maces & Flails | 3 |  3.0
Dodging        | 3 |  3.0
Invocations    | 1 2 |  2.0
Armour         | 1 |  1.0
Stealth        | 1 |  1.0
Throwing       | 3 |  3.0

Action                   |  1- 3 |  4- 6 || total
-------------------------+-------+-------++-------
Melee: Flail             |     8 |       ||     8
       Whip              |    73 |   160 ||   233
Throw: Stone             |    48 |    18 ||    66
       Dart              |     2 |       ||     2
       Large rock        |     1 |       ||     1
       Javelin           |       |     4 ||     4
       Throwing net      |       |     3 ||     3
  Use: Scroll            |     3 |     2 ||     5
       Potion            |       |     6 ||     6
 Stab: Sleeping          |       |     1 ||     1
Armor: Robe              |    16 |    21 ||    37
       Skin              |       |     1 ||     1
Dodge: Dodged            |    32 |    55 ||    87

Table legend: (Time is in decaauts)
 A = Elapsed time spent in this place.
 B = Non-inter-level travel time spent in this place.
 C = Inter-level travel time spent in this place.
 D = Time resting spent in this place.
 E = Time spent auto-exploring this place.
 F = Levels seen in this place.
 G = Mean time per level.
                   A        B        C        D        E       F      G
               +--------+--------+--------+--------+--------+-----+--------+
         Total |   3368 |   3162 |    206 |     27 |   2583 |   4 |  842.0 |
       Dungeon |   3368 |   3162 |    206 |     27 |   2583 |   4 |  842.0 |
               +--------+--------+--------+--------+--------+-----+--------+

Top non-repeatable levels by time:
     D:1: 1089 daAuts
     D:3: 873 daAuts
     D:2: 787 daAuts
     D:4: 618 daAuts
